 Dungeon Crawl Stone Soup version 0.18-a0-1243-g9e52518 (webtiles) character file.

17542 Lathuz the Cleaver (level 12, -6/113 HPs)
             Began as a Hill Orc Berserker on Feb 5, 2016.
             Was a High Priest of Trog.
             Mangled by a nine-headed hydra (10 damage)
             ... on level 3 of the Lair of Beasts.
             The game lasted 00:25:43 (14106 turns).

Lathuz the Cleaver (Hill Orc Berserker)            Turns: 14106, Time: 00:25:43

Health: -6/113     AC: 23    Str: 24    XL:     12   Next: 49%
Magic:  4/4        EV:  8    Int:  7    God:    Trog [*****.]
Gold:   468        SH:  0    Dex: 14    Spells: 0 memorised, 11 levels left

rFire  . . .     SeeInvis .     B - +4 executioner's axe (antimagic)
rCold  . . .     Gourm    .     R - +0 plate armour {rPois}
rNeg   . . .     Faith    .     (shield currently unavailable)
rPois  +         Spirit   .     d - +2 helmet
rElec  .         Dismiss  .     (no cloak)
rCorr  .         Reflect  .     y - +2 pair of gloves
SustAt .         Harm     .     (no boots)
MR     ++...                    (no amulet)
Stlth  ..........               K - ring of stealth
                                M - +3 ring of dexterity

@: regenerating, very resistant to hostile enchantments, extremely unstealthy
A: no striking features
a: Berserk, Trog's Hand, Brothers in Arms, Burn Spellbooks, Renounce Religion


You were on level 3 of the Lair of Beasts.
You worshipped Trog.
Trog was extremely pleased with you.
You were not hungry.

You visited 2 branches of the dungeon, and saw 12 of its levels.
You also visited: Sewer.

You collected 648 gold pieces.
You spent 180 gold pieces at shops.

Inventory:

Hand Weapons
 B - a +4 antimagic executioner's axe (weapon)
Missiles
 l - 324 stones (quivered)
Armour
 d - a +2 helmet (worn)
 y - a +2 pair of gloves (worn)
 R - a +0 plate armour of poison resistance (worn)
Jewellery
 q - an uncursed ring of flight
 K - a ring of stealth (right hand)
 M - a +3 ring of dexterity (left hand)
Wands
 b - a wand of polymorph (20/24)
 g - a wand of slowing (13/48)
 p - a wand of flame (24/48)
 F - a wand of flame (8/48)
 H - a wand of lightning (3/15)
 J - a wand of iceblast (5/15)
 L - a wand of acid (7/15)
 O - a wand of random effects (34/48)
Scrolls
 e - 4 scrolls of magic mapping
 f - a scroll of fear
 h - 4 scrolls of immolation
 i - 6 scrolls of identify
 k - 7 scrolls of teleportation
 m - a scroll of amnesia {unknown}
 n - 4 scrolls of remove curse
 s - a scroll of enchant weapon {unknown}
 w - 3 scrolls of recharging
 x - 3 scrolls of blinking {unknown}
 z - a scroll of holy word {unknown}
 A - a scroll of random uselessness {unknown}
 D - 2 scrolls of noise {unknown}
 I - a scroll of enchant armour {unknown}
Potions
 a - 2 potions of lignification {unknown}
 j - 13 potions of curing
 o - 3 potions of haste {unknown}
 r - 6 potions of brilliance {unknown}
 t - 7 potions of heal wounds
 u - 5 potions of flight {unknown}
 v - 4 potions of agility {unknown}
 C - 4 potions of magic {unknown}
 G - 2 potions of mutation {unknown}
Books
 E - a book of Conjurations

   Spells                             Type                      Level
   a - Magic Dart                     Conjuration                  1
   b - Searing Ray                    Conjuration                  2
   c - Dazzling Spray                 Conjuration/Hexes            3
   d - Fulminant Prism                Conjuration/Hexes            4
   e - Iskenderun's Mystic Blast      Conjuration                  4
   f - Iskenderun's Battlesphere      Conjuration/Charms           5
   Trog disapproves of the use of such an item.
Miscellaneous
 N - a sack of spiders
Comestibles
 c - 8 bread rations
 P - a beef jerky


   Skills:
 + Level 12.7 Fighting
 * Level 14.3 Axes
 + Level 14.1 Armour
 - Level 1.5 Dodging


You had 11 spell levels left.
You didn't know any spells.

Dungeon Overview and Level Annotations

Branches:
Dungeon (9/15)             Temple (0/1) D:7            Lair (3/8) D:8
  Swamp: Lair:3-6    Shoals: Lair:3-6     Snake: Lair:3-6    Spider: Lair:3-6
    Orc: D:9-12

Altars:
Ashenzari
Elyvilon
Gozag
Makhleb
Pakellas
Qazlal
Ru
Sif Muna
Trog
Xom
Zin
The Shining One

Shops:
D:7 *


Message History

The nine-headed hydra bites you but does no damage. x3
The nine-headed hydra bites you.
* * * LOW HITPOINT WARNING * * *
The nine-headed hydra bites you but does no damage.
The nine-headed hydra bites you!
* * * LOW HITPOINT WARNING * * *
The nine-headed hydra bites you!
* * * LOW HITPOINT WARNING * * *
The nine-headed hydra bites you but does no damage.
The nine-headed hydra completely misses you.
The nine-headed hydra bites you but does no damage.
The nine-headed hydra completely misses you.
The nine-headed hydra bites you.
* * * LOW HITPOINT WARNING * * *
The nine-headed hydra closely misses you. x2
The nine-headed hydra bites you but does no damage. x2
The nine-headed hydra bites you.
* * * LOW HITPOINT WARNING * * *
The nine-headed hydra bites you!
You die...

####..####.P ## ####
##...........
#.####..########............
#.#.......#.#.#............
###.........................
#...........................
##P.)#......................
###..........................
#..#..####..@D##.............
#.............P########.#....
#..≈≈≈≈≈≈≈≈≈..## ###....
#..≈≈≈≈≈≈≈≈≈..## #....
##..≈≈≈#####≈..P# ##...
#...≈≈## ##≈...# #...
#..<≈≈≈# ##≈≈..## ##..≈≈##
#≈≈≈...# ###..≈≈# ###≈..##


You could see a nine-headed hydra.

Vanquished Creatures
  Gastronok (Lair:1)
  Sonja (Lair:1)
  The ghost of Lathuz the Basher, a novice MiFi of Okawaru (D:7)
  2 black mambas (Lair:3)
  A torpor snail (Lair:3)
  6 spiny frogs
  3 komodo dragons
  The ghost of Lathuz the Cleaver, an amateur HOBe of Trog (D:3)
  The ghost of Foomius the Slasher, an amateur DsAK of Lugonu (D:4)
  Sigmund (D:2)
  19 yaks
  2 fire bats (Lair:3)
  2 basilisks
  A hippogriff (D:8)
  2 hungry ghosts (D:8)
  A mottled dragon (D:8)
  Menkaure (D:6)
  4 water moccasins
  4 porcupines
  2 ice beasts (D:6)
  2 sky beasts
  4 orc warriors
  5 black bears
  A phantom (D:5)
  8 ogres
  6 centaurs
  4 crocodiles
  5 big kobolds
  12 giant frogs
  A wyvern skeleton (D:8)
  2 scorpions
  A lava snake (Lair:3)
  5 crimson imps
  4 hounds
  10 orc wizards
  4 orc priests
  A jelly (D:6)
  2 giant frog skeletons
  3 gnoll shamans (D:7)
  Jessica (D:3)
  9 iguanas
  7 worker ants
  Ijyb (D:3)
  A killer bee zombie (D:6)
  A hound skeleton (D:7)
  A worker ant zombie (D:5)
  Robin (D:3)
  14 gnolls
  18 adders
  16 river rats
  A shadow imp (D:6)
  2 oozes
  An adder skeleton (D:5)
  3 worms
  6 giant geckos
  33 orcs
  6 ball pythons
  7 giant cockroaches
  18 goblins
  3 hobgoblins
  10 jackals
  2 quokkas
  A bat (D:1)
  8 giant newts
  21 kobolds
  A quokka skeleton (D:6)
  27 rats
  2 plants
358 creatures vanquished.

Vanquished Creatures (collateral kills)
  A spiny frog (Lair:3)
  2 yaks (Lair:3)
  2 gnolls (D:7)
5 creatures vanquished.

Vanquished Creatures (others)
  A fire vortex (Lair:3)
  4 fungi (D:7)
  5 plants (D:7)
10 creatures vanquished.

Grand Total: 373 creatures vanquished

Notes
Turn   | Place    | Note
--------------------------------------------------------------
     0 | D:1      | Lathuz the Hill Orc Berserker began the quest for the Orb.
     0 | D:1      | Reached XP level 1. HP: 19/19 MP: 1/1
   125 | D:1      | Reached XP level 2. HP: 20/26 MP: 2/2
   238 | D:1      | Reached skill level 5 in Axes
   527 | D:1      | Reached XP level 3. HP: 26/31 MP: 3/3
   615 | D:1      | Reached ** piety under Trog
   921 | D:2      | Reached skill level 6 in Axes
  1312 | D:2      | Reached XP level 4. HP: 26/39 MP: 4/4
  1490 | D:2      | Found a stormy altar of Qazlal.
  1742 | D:2      | Noticed Sigmund
  1753 | D:2      | Killed Sigmund
  1753 | D:2      | Reached skill level 8 in Axes
  1753 | D:2      | Reached XP level 5. HP: 45/45 MP: 5/5
  1753 | D:2      | Reached XP level 6. HP: 51/51 MP: 6/6
  1980 | D:3      | Noticed Lathuz's ghost (amateur HOBe)
  1983 | D:3      | Noticed Jessica
  1994 | D:3      | Killed Jessica
  1995 | D:3      | Noticed Ijyb
  1999 | D:3      | Killed Lathuz's ghost
  1999 | D:3      | Reached skill level 10 in Axes
  1999 | D:3      | Reached XP level 7. HP: 57/57 MP: 7/7
  2001 | D:3      | Found an oddly glowing altar of Pakellas.
  2016 | D:3      | Killed Ijyb
  2147 | D:3      | Noticed Robin
  2157 | D:3      | Reached *** piety under Trog
  2163 | D:3      | Killed Robin
  3013 | D:4      | Reached skill level 11 in Axes
  3025 | D:4      | Noticed Foomius's ghost (amateur DsAK)
  3040 | D:4      | Killed Foomius's ghost
  3040 | D:4      | Reached XP level 8. HP: 64/64 MP: 8/8
  3250 | D:4      | Reached skill level 12 in Axes
  3564 | D:4      | Found a deep blue altar of Sif Muna.
  3815 | D:5      | Entered Level 5 of the Dungeon
  3860 | D:5      | Found a glowing drain.
  3865 | D:5      | Reached **** piety under Trog
  3872 | Sewer    | Entered a sewer
  4235 | Sewer    | Reached skill level 5 in Fighting
  4318 | Sewer    | Reached ***** piety under Trog
  4935 | D:5      | Found an opulent altar of Gozag.
  4936 | D:5      | Found a bloodstained altar of Trog.
  4942 | D:5      | Received a gift from Trog
  5069 | D:5      | Found a glowing golden altar of the Shining One.
  5223 | D:5      | Reached XP level 9. HP: 81/81 MP: 3/9
  5482 | D:6      | Noticed Menkaure
  5488 | D:6      | Killed Menkaure
  5824 | D:6      | Found a sacrificial altar of Ru.
  6071 | D:6      | Reached skill level 10 in Fighting
  6179 | D:6      | Found a shattered altar of Ashenzari.
  6456 | D:6      | You fall through a shaft for 3 floors!
  6560 | D:7      | Found Zin's Purification Station.
  6563 | D:7      | Found a glowing silver altar of Zin.
  6569 | D:7      | Bought 2 potions of curing for 180 gold pieces
  6582 | D:7      | Found a white marble altar of Elyvilon.
  7125 | D:6      | Reached XP level 10. HP: 97/97 MP: 3/10
  7573 | D:6      | Reached skill level 5 in Armour
  8048 | D:7      | Found Aryhuita's Assorted Antiques.
  8093 | D:7      | Found a staircase to the Ecumenical Temple.
  8450 | D:7      | Noticed Lathuz's ghost (novice MiFi)
  8458 | D:7      | Killed Lathuz's ghost
  8906 | D:7      | Found a burning altar of Makhleb.
  9268 | D:8      | Reached skill level 10 in Armour
  9274 | D:8      | Reached XP level 11. HP: 95/104 MP: 3/11
  9283 | D:8      | Found a staircase to the Lair.
  9294 | D:8      | Received a gift from Trog
  9628 | D:8      | Found a shimmering altar of Xom.
  9996 | Lair:1   | Entered Level 1 of the Lair of Beasts
 10076 | Lair:1   | Noticed Gastronok
 10094 | Lair:1   | Killed Gastronok
 10433 | Lair:1   | Noticed Sonja
 10444 | Lair:1   | Killed Sonja
 10780 | Lair:1   | Reached skill level 13 in Armour
 12611 | Lair:2   | Reached XP level 12. HP: 53/112 MP: 4/12
 13427 | Lair:3   | Received a gift from Trog
 13575 | Lair:2   | Reached skill level 14 in Armour
 14096 | Lair:3   | Noticed a four-headed hydra
 14106 | Lair:3   | HP: 4/113 [nine-headed hydra (3)]
 14106 | Lair:3   | Mangled by a nine-headed hydra

Vault maps used:
D:1:      eino_arrival_cavern_a, minmay_misc_feat_more_columns,
          serial_park_tiny_pond
D:2:      nicolae_overflow_hidden_temple, first_bread,
          kennysheep_generic_room_12, uniq_sigmund
D:3:      grunt_pakellas_mercury, uniq_robin, uniq_jessica, uniq_iyjb
D:4:      lemuel_blue_sif_altar
D:5:      tso_metal_star, gammafunk_temple_overflow_pools,
          gup_sewer_entry_bubbles, uniq_duvessa
D:6:      ashenzari_altar_1, lemuel_round_altar, minmay_misc_feat_hallway,
          kennysheep_opposing_triangles, uniq_menkaure
D:7:      kennysheep_seaside_town, makhleb_grotto_becter, zin_purify,
          minmay_temple_entry_glassed_door, serial_shops, shop_fountains,
          elyvilon_altar_4
D:8:      xom_teletrap_fun, erik_lair_dragon, minmay_misc_feat_secret_circle,
          minmay_tree_intersection
D:9:      due_megacathedral, nemelex_xobeh_ov_fountains_minmay, serial_shops,
          nicolae_shop_waterfront, shop, hangedman_pestilent_swarm,
          uniq_maurice, uniq_joseph
Lair:1:   uniq_gastronok, uniq_sonja
Lair:2:   serial_bayou_shore_b
Sewer:    sewer_minmay_treatment

Action                   |  1- 3 |  4- 6 |  7- 9 | 10-12 || total
-------------------------+-------+-------+-------+-------++-------
Melee: Hand axe          |   143 |    61 |    85 |       ||   289
       War axe           |       |       |   220 |       ||   220
       Executioner's axe |       |       |   122 |   391 ||   513
Invok: Berserk           |     1 |     2 |     9 |     4 ||    16
       Trog's Hand       |       |       |     1 |     4 ||     5
       Burn Spellbooks   |       |       |     2 |       ||     2
       Brothers in Arms  |       |       |       |     3 ||     3
  Use: Scroll            |       |       |       |    11 ||    11
       Potion            |       |       |       |     1 ||     1
 Stab: Sleeping          |     1 |       |       |       ||     1
       Distracted        |       |       |     1 |     1 ||     2
  Eat: Chunk             |     2 |     4 |    15 |    22 ||    43
       Bread ration      |       |       |     2 |       ||     2
       Meat ration       |       |       |     1 |     1 ||     2
       Royal jelly       |       |       |       |     1 ||     1
